Winnipeg Jets vs Chicago Black Hawks (R1)

Created - Saturday, January 31, 2026 at 07:54

Goals
1 2 3 T
Winnipeg Jets 1 0 1 2
Chicago Black Hawks 0 3 2 5
Shots
1 2 3 T
Winnipeg Jets 14 4 9 27
Chicago Black Hawks 9 17 14 40

1st period

1. Winnipeg Jets , Jason Zucker 3 (Connor Bedard 10) at 6:43 (PP)

Penalties :
Zachary Werenski (CHI) for Tripping (Minor) at 6:36, Adam Lowry (WPG) for Hooking (Minor) at 16:41

2nd period

2. Chicago Black Hawks , Barrett Hayton 5 (Oliver Bjorkstrand 5, Brett Howden 1) at 4:06
3. Chicago Black Hawks , Kevin Fiala 5 (Barrett Hayton 9) at 9:04 (SH)
4. Chicago Black Hawks , Matthew Beniers 3 (Shane Wright 4) at 16:48

Penalties :
Ryan Suzuki (CHI) for Holding (Minor) at 5:16, Lucas Raymond (CHI) for Roughing (Minor) at 8:14, Lucas Raymond (CHI) for Fighting (Major) at 16:57, Michael Kesselring (WPG) for Fighting (Major) at 16:57, Taylor Hall (WPG) for Tripping (Minor) at 18:41

3rd period

5. Chicago Black Hawks , Justin Faulk 1 (Kevin Fiala 3, Leo Carlsson 12) at 0:10 (PP)
6. Chicago Black Hawks , Leo Carlsson 11 (Lucas Raymond 12) at 3:40 (PP)
7. Winnipeg Jets , Jason Zucker 4 (Ridly Greig 5, Connor Bedard 11) at 8:14 (PP)

Penalties :
Michael Kesselring (WPG) for Roughing (Minor) at 2:15, Ridly Greig (WPG) for Hooking (Minor) at 3:35, Zachary Werenski (CHI) for Fighting (Major) at 6:50, Nate Schmidt (WPG) for Fighting (Major) at 6:50, Zachary Werenski (CHI) for instigated a fight (Minor) at 6:50, Zachary Werenski (CHI) for instigated a fight (10 Minutes Misconduct) at 6:50, Michael Kesselring (WPG) for Tripping (Minor) at 8:26

Goalie Stats

Dustin Wolf (WPG), 35 saves from 40 shots - (0.875), L, 3-2-2, 60:00 minutes
Jesper Wallstedt (CHI), 25 saves from 27 shots - (0.926), W, 6-1-0, 60:00 minutes

Players Stats for Winnipeg Jets

Player Name              G  A  P  +/- PIM S  H  SB GA TA FO     MP     PP MP  PK MP  
------------------------------------------------------------------------------------
Adam Lowry               0  0  0  -1  2   2  3  1  0  0  12/20  18:44   2:47   2:49 
Alexander Kerfoot        0  0  0  -1  0   2  1  0  0  0  2/3    15:59   2:47   0:19 
Alexis Lafreniere        0  0  0   0  0   1  1  1  1  0  0/0    12:35   0:04   1:01 
Connor Bedard            0  2  2  -1  0   2  1  0  1  0  0/0    20:19   2:42   4:35 
Dylan Samberg            0  0  0  -2  0   0  2  0  0  1  0/0    27:17   3:20   4:20 
Haydn Fleury             0  0  0   0  0   1  0  0  0  0  0/0    21:02   2:09   4:26 
Jason Zucker             2  0  2  -1  0   6  3  0  0  0  8/17   15:34   2:38   0:00 
Joel Armia               0  0  0   0  0   1  1  1  1  1  1/4    13:46   0:00   2:36 
Jonas Brodin             0  0  0  -2  0   0  1  1  0  1  0/0    26:32   3:20   4:56 
Matvei Michkov           0  0  0  -1  0   2  1  0  0  0  0/0     8:32   0:04   0:00 
Michael Kesselring       0  0  0  -1  9   0  1  1  0  0  0/0    12:12   0:00   0:00 
Nate Schmidt             0  0  0   0  5   0  0  0  0  1  0/0    19:21   2:09   3:18 
Nino Niederreiter        0  0  0  -1  0   1  0  0  1  0  0/0     8:24   0:00   0:00 
Ridly Greig              0  1  1  -1  2   2  5  1  0  0  1/2    18:34   2:38   2:55 
Sam Steel                0  0  0  -1  0   0  0  0  0  0  1/4     8:24   0:00   0:00 
Sean Durzi               0  0  0  -1  0   0  0  1  0  1  0/0    13:34   0:00   0:32 
Taylor Hall              0  0  0  -1  2   3  2  0  1  0  1/5    19:03   2:47   3:11 
Vladislav Namestnikov    0  0  0   0  0   4  0  0  2  0  4/9    11:10   0:00   0:00 

Players Stats for Chicago Black Hawks

Player Name              G  A  P  +/- PIM S  H  SB GA TA FO     MP     PP MP  PK MP  
------------------------------------------------------------------------------------
Barrett Hayton           1  1  2   2  0   8  1  0  2  0  8/15   19:40   4:42   2:23 
Bobby Brink              0  0  0   0  0   2  0  0  0  0  0/1    10:04   0:00   0:00 
Brent Burns              0  0  0   2  0   0  0  0  0  1  0/0    27:38   4:12   3:22 
Brett Howden             0  1  1   0  0   2  0  0  0  0  4/7    11:32   0:00   1:21 
Christopher Tanev        0  0  0   1  0   1  0  1  0  1  0/0    21:45   4:34   2:07 
Eeli Tolvanen            0  0  0   1  0   0  3  0  0  0  0/0     9:58   0:00   0:00 
Justin Faulk             1  0  1   1  0   2  2  4  0  1  0/0    21:45   4:34   2:07 
Kevin Fiala              1  1  2   1  0   4  2  0  0  1  3/6    19:28   4:04   2:23 
Leo Carlsson             1  1  2   0  0   3  1  0  2  1  15/27  19:58   4:04   2:53 
Lucas Raymond            0  1  1   0  7   3  0  0  0  0  2/2    16:40   3:17   1:45 
Matthew Beniers          1  0  1   1  0   5  1  1  0  0  2/6    16:21   4:57   0:00 
Noah Dobson              0  0  0   0  0   0  2  1  0  0  0/0    16:41   1:08   0:00 
Oliver Bjorkstrand       0  1  1   1  0   2  1  0  0  0  0/0    17:17   4:42   0:00 
Ryan Lindgren            0  0  0   0  0   2  0  1  0  0  0/0    12:11   0:00   0:50 
Ryan Suzuki              0  0  0   1  2   1  2  0  0  0  0/0    12:36   0:00   0:00 
Shane Wright             0  1  1   1  0   1  1  0  0  0  0/0    10:50   0:32   0:13 
Trevor Lewis             0  0  0   0  0   1  1  1  0  1  0/0    10:04   0:00   0:00 
Zachary Werenski         0  0  0   2  19  3  2  0  1  1  0/0    19:58   3:04   2:32 

3 Stars

1 - Barrett Hayton (CHI)
2 - Kevin Fiala (CHI)
3 - Justin Faulk (CHI)

Power Play

Winnipeg Jets - 2 on 4 Attempt(s) - 50.00%
Chicago Black Hawks - 2 on 5 Attempt(s) - 40.00%

Penalty Kill

Winnipeg Jets - 3 on 5 Attempt(s) - 60.00% - Score 0 goal in Penalty Kill
Chicago Black Hawks - 2 on 4 Attempt(s) - 50.00% - Score 1 goal in Penalty Kill

Team Stat

Winnipeg Jets - Hits : 22 - Faceoff Wins : 30 - Blocked Shots : 7 - Penalty Minutes : 20
Chicago Black Hawks - Hits : 19 - Faceoff Wins : 34 - Blocked Shots : 9 - Penalty Minutes : 28

Official

Referees : Brandon Schrader and Jon Mcisaac
Linesman : Derek Nansen and Steve Barton

Game Notes

Lucas Raymond beats up Michael Kesselring at 16:57 of 2nd period
Zachary Werenski and Nate Schmidt fight to a draw at 6:50 of 3rd period

Finance

Level 1 -- Attendance: 4984 (83.07%) -- Ticket Income $498,400
Level 2 -- Attendance: 3500 (70.00%) -- Ticket Income $210,000
Level 3 -- Attendance: 2507 (83.57%) -- Ticket Income $87,745
Level 4 -- Attendance: 3543 (70.86%) -- Ticket Income $88,575
Luxury Box -- Attendance: 721 (72.10%) -- Ticket Income $144,200
Game was played at the United Center.
Total Attendance: 15255 (76.28%)
Total Ticket Income: $1,028,920
Other Income: $360,122
Total Income: $1,389,042

Winnipeg Jets

5 vs 5 Forward 
   Center                   Left Wing                Right Wing               Time % Phy DF OF 
 1 Jason Zucker             Connor Bedard            Ridly Greig              30     1   2  2  
 2 Adam Lowry               Taylor Hall              Alexander Kerfoot        30     1   2  2  
 3 Vladislav Namestnikov    Alexis Lafreniere        Joel Armia               25     1   2  2  
 4 Sam Steel                Matvei Michkov           Nino Niederreiter        15     1   2  2  

5 vs 5 Defense 
   Defense                  Defense                                           Time % Phy DF OF 
 1 Dylan Samberg            Jonas Brodin                                      30     1   2  2  
 2 Nate Schmidt             Haydn Fleury                                      30     1   2  2  
 3 Sean Durzi               Michael Kesselring                                25     1   2  2  
 4 Dylan Samberg            Jonas Brodin                                      15     1   2  2  

PowerPlay Forward 
   Center                   Left Wing                Right Wing               Time % Phy DF OF 
 1 Jason Zucker             Connor Bedard            Ridly Greig              50     1   2  2  
 2 Adam Lowry               Taylor Hall              Alexander Kerfoot        50     1   2  2  

PowerPlay Defense
   Defense                  Defense                                           Time % Phy DF OF 
 1 Dylan Samberg            Jonas Brodin                                      50     1   2  2  
 2 Nate Schmidt             Haydn Fleury                                      50     1   2  2  

Penalty Kill 4 Players Forward 
   Center                   Wing                     Time % Phy DF OF 
 1 Taylor Hall              Connor Bedard            50     1   2  2  
 2 Adam Lowry               Ridly Greig              50     1   2  2  

Penalty Kill 4 Players Defense
   Defense                  Defense                  Time % Phy DF OF 
 1 Dylan Samberg            Jonas Brodin             50     1   2  2  
 2 Nate Schmidt             Haydn Fleury             50     1   2  2  

Penalty Kill - 3 Players Forward 
   Forward                                           Time % Phy DF OF 
 1 Ridly Greig                                       50     1   2  2  
 2 Connor Bedard                                     50     1   2  2  

Penalty Kill - 3 Players Defense
   Defense                  Defense                  Time % Phy DF OF 
 1 Dylan Samberg            Jonas Brodin             50     1   2  2  
 2 Nate Schmidt             Haydn Fleury             50     1   2  2  

4 vs 4 Forward 
   Center                   Wing                     Time % Phy DF OF 
 1 Matvei Michkov           Connor Bedard            50     1   2  2  
 2 Adam Lowry               Ridly Greig              50     1   2  2  

4 vs 4 Defense
   Defense                  Defense                  Time % Phy DF OF 
 1 Dylan Samberg            Jonas Brodin             50     1   2  2  
 2 Nate Schmidt             Haydn Fleury             50     1   2  2  

Last Minutes Offensive
   Center                   Left Wing                Right Wing               Defense                  Defense                  
   Jason Zucker             Connor Bedard            Ridly Greig              Dylan Samberg            Jonas Brodin             

Last Minutes Defensive
   Center                   Left Wing                Right Wing               Defense                  Defense                  
   Jason Zucker             Connor Bedard            Ridly Greig              Dylan Samberg            Jonas Brodin             

Goaltenders
Starting : Dustin Wolf              
Backup : Yaroslav Askarov         

Extra Forwards
Normal : Matvei Michkov, Alexis Lafreniere, Joel Armia - PP : Matvei Michkov, Alexis Lafreniere - PK : Joel Armia
Extra Defensemen
Normal : Dylan Samberg, Michael Kesselring, Nate Schmidt - PP : Jonas Brodin - PK : Michael Kesselring, Nate Schmidt
Penalty Shots
Joel Armia, Connor Bedard, Adam Lowry, Ridly Greig, Taylor Hall

Scratches
Erik Brannstrom (Healthy), Mikael Backlund (Healthy), Barclay Goodrow (Healthy), Derek Forbort (Healthy)

Chicago Black Hawks

5 vs 5 Forward 
   Center                   Left Wing                Right Wing               Time % Phy DF OF 
 1 Leo Carlsson             Lucas Raymond            Kevin Fiala              30     1   2  2  
 2 Barrett Hayton           Ryan Suzuki              Oliver Bjorkstrand       30     1   2  2  
 3 Matthew Beniers          Shane Wright             Eeli Tolvanen            25     1   2  2  
 4 Brett Howden             Trevor Lewis             Bobby Brink              15     1   2  2  

5 vs 5 Defense 
   Defense                  Defense                                           Time % Phy DF OF 
 1 Zachary Werenski         Brent Burns                                       30     1   2  2  
 2 Justin Faulk             Christopher Tanev                                 30     1   2  2  
 3 Noah Dobson              Ryan Lindgren                                     25     1   2  2  
 4 Zachary Werenski         Brent Burns                                       15     1   2  2  

PowerPlay Forward 
   Center                   Left Wing                Right Wing               Time % Phy DF OF 
 1 Leo Carlsson             Lucas Raymond            Kevin Fiala              50     1   2  2  
 2 Barrett Hayton           Matthew Beniers          Oliver Bjorkstrand       50     1   2  2  

PowerPlay Defense
   Defense                  Defense                                           Time % Phy DF OF 
 1 Zachary Werenski         Brent Burns                                       50     1   2  2  
 2 Justin Faulk             Christopher Tanev                                 50     1   2  2  

Penalty Kill 4 Players Forward 
   Center                   Wing                     Time % Phy DF OF 
 1 Leo Carlsson             Lucas Raymond            50     1   2  2  
 2 Kevin Fiala              Barrett Hayton           50     1   2  2  

Penalty Kill 4 Players Defense
   Defense                  Defense                  Time % Phy DF OF 
 1 Zachary Werenski         Brent Burns              50     1   2  2  
 2 Justin Faulk             Christopher Tanev        50     1   2  2  

Penalty Kill - 3 Players Forward 
   Forward                                           Time % Phy DF OF 
 1 Leo Carlsson                                      50     1   2  2  
 2 Lucas Raymond                                     50     1   2  2  

Penalty Kill - 3 Players Defense
   Defense                  Defense                  Time % Phy DF OF 
 1 Zachary Werenski         Brent Burns              50     1   2  2  
 2 Justin Faulk             Christopher Tanev        50     1   2  2  

4 vs 4 Forward 
   Center                   Wing                     Time % Phy DF OF 
 1 Leo Carlsson             Lucas Raymond            50     1   2  2  
 2 Kevin Fiala              Barrett Hayton           50     1   2  2  

4 vs 4 Defense
   Defense                  Defense                  Time % Phy DF OF 
 1 Zachary Werenski         Brent Burns              50     1   2  2  
 2 Justin Faulk             Christopher Tanev        50     1   2  2  

Last Minutes Offensive
   Center                   Left Wing                Right Wing               Defense                  Defense                  
   Leo Carlsson             Lucas Raymond            Kevin Fiala              Zachary Werenski         Brent Burns              

Last Minutes Defensive
   Center                   Left Wing                Right Wing               Defense                  Defense                  
   Leo Carlsson             Lucas Raymond            Kevin Fiala              Zachary Werenski         Brent Burns              

Goaltenders
Starting : Jesper Wallstedt         
Backup : Filip Gustavsson         

Extra Forwards
Normal : Matthew Beniers, Shane Wright, Brett Howden - PP : Matthew Beniers, Shane Wright - PK : Brett Howden
Extra Defensemen
Normal : Noah Dobson, Ryan Lindgren, Justin Faulk - PP : Noah Dobson - PK : Ryan Lindgren, Justin Faulk
Penalty Shots
Leo Carlsson, Lucas Raymond, Kevin Fiala, Barrett Hayton, Oliver Bjorkstrand

Scratches
Trevor Zegras (Healthy), Simon Nemec (Healthy)

% Time on Ice - Winnipeg Jets

Lines # - Real PCT - Wanted PCT - Time Play
Normal Forward
1 - 29% - 30% - 13:13
2 - 28% - 30% - 12:58
3 - 24% - 25% - 11:10
4 - 18% - 15% - 8:24
Normal Defense
1 - 30% - 30% - 13:48
2 - 32% - 30% - 14:27
3 - 28% - 25% - 13:02
4 - 10% - 15% - 4:28
PP Forward
1 - 49% - 50% - 2:42
2 - 51% - 50% - 2:47
PP Defense
1 - 61% - 50% - 3:20
2 - 39% - 50% - 2:09
PK Forward
1 - 48% - 50% - 4:11
2 - 52% - 50% - 4:30
PK Defense
1 - 49% - 50% - 4:15
2 - 51% - 50% - 4:26
PK3 Forward
1 - 100% - 50% - 0:05
2 - 0% - 50% - 0:00
PK3 Defense
1 - 100% - 50% - 0:05
2 - 0% - 50% - 0:00
44 Forward
1 - 0% - 50%
2 - 0% - 50%
44 Defense
1 - 0% - 50%
2 - 0% - 50%
Last Minute Offensive  - 0:00
Last Minute Defensive  - 0:00
Total
Forward - 60:00
Defense - 60:00

% Time on Ice - Chicago Black Hawks

Lines # - Real PCT - Wanted PCT - Time Play
Normal Forward
1 - 28% - 30% - 13:01
2 - 28% - 30% - 12:42
3 - 22% - 25% - 9:58
4 - 22% - 15% - 10:04
Normal Defense
1 - 33% - 30% - 14:55
2 - 33% - 30% - 15:04
3 - 23% - 25% - 10:37
4 - 11% - 15% - 5:09
PP Forward
1 - 46% - 50% - 4:04
2 - 54% - 50% - 4:42
PP Defense
1 - 48% - 50% - 4:12
2 - 52% - 50% - 4:34
PK Forward
1 - 53% - 50% - 2:53
2 - 47% - 50% - 2:36
PK Defense
1 - 61% - 50% - 3:22
2 - 39% - 50% - 2:07
PK3 Forward
1 - 0% - 50%
2 - 0% - 50%
PK3 Defense
1 - 0% - 50%
2 - 0% - 50%
44 Forward
1 - 0% - 50%
2 - 0% - 50%
44 Defense
1 - 0% - 50%
2 - 0% - 50%
Last Minute Offensive  - 0:00
Last Minute Defensive  - 0:00
Total
Forward - 60:00
Defense - 60:00

Play-by-Play

1st period


0:01 of 1st period - Jason Zucker wins face-off versus Leo Carlsson in neutral zone.
0:04 of 1st period - Brent Burns is hit by Ridly Greig and loses puck.
1:10 of 1st period - Wrist shot by Adam Lowry.
1:10 of 1st period - Stopped by Jesper Wallstedt with a rebound.
1:12 of 1st period - Slapshot by Dylan Samberg.
1:12 of 1st period - Shot Hit the Post.
1:42 of 1st period - Wrist shot by Jason Zucker.
1:42 of 1st period - Stopped by Jesper Wallstedt with a rebound.
2:21 of 1st period - Wrist shot by Nino Niederreiter.
2:21 of 1st period - Shot Misses the Net.
2:23 of 1st period - Snap shot by Sam Steel.
2:23 of 1st period - Shot Misses the Net.
3:37 of 1st period - Sam Steel is hit by Zachary Werenski.
3:49 of 1st period - Snap shot by Matthew Beniers.
3:49 of 1st period - Shot Misses the Net.
4:32 of 1st period - Backhand shot by Lucas Raymond.
4:32 of 1st period - Shot Blocked by Jonas Brodin.
4:34 of 1st period - Slapshot by Ryan Lindgren.
4:34 of 1st period - Stopped by Dustin Wolf without a rebound.
4:35 of 1st period - Barrett Hayton wins face-off versus Vladislav Namestnikov in Winnipeg Jets zone.
5:12 of 1st period - Wrist shot by Lucas Raymond.
5:12 of 1st period - Stopped by Dustin Wolf with a rebound.
5:14 of 1st period - Wrist shot by Justin Faulk.
5:14 of 1st period - Stopped by Dustin Wolf without a rebound.
5:15 of 1st period - Adam Lowry wins face-off versus Matthew Beniers in Winnipeg Jets zone.
5:15 of 1st period - Adam Lowry is hit by Eeli Tolvanen.
6:13 of 1st period - Slapshot by Matvei Michkov.
6:13 of 1st period - Stopped by Jesper Wallstedt with a rebound.
6:36 of 1st period - Minor Penalty to Zachary Werenski for Tripping.
6:37 of 1st period - Jason Zucker wins face-off versus Leo Carlsson in Chicago Black Hawks zone.
6:43 of 1st period - Snap shot by Jason Zucker.
6:43 of 1st period - Goal by Jason Zucker - Winnipeg Jets : 1 - Chicago Black Hawks : 0.
6:44 of 1st period - Alexander Kerfoot wins face-off versus Matthew Beniers in neutral zone.
7:09 of 1st period - Ridly Greig is hit by Ryan Suzuki and loses puck.
7:14 of 1st period - Wrist shot by Barrett Hayton.
7:14 of 1st period - Shot Misses the Net.
7:16 of 1st period - Slapshot by Ryan Lindgren.
7:16 of 1st period - Stopped by Dustin Wolf without a rebound.
7:17 of 1st period - Barrett Hayton wins face-off versus Adam Lowry in Winnipeg Jets zone.
7:33 of 1st period - Snap shot by Barrett Hayton.
7:33 of 1st period - Deflect By Oliver Bjorkstrand.
7:33 of 1st period - Stopped by Dustin Wolf without a rebound.
7:34 of 1st period - Leo Carlsson wins face-off versus Jason Zucker in Winnipeg Jets zone.
8:00 of 1st period - Alexander Kerfoot is hit by Oliver Bjorkstrand.
8:06 of 1st period - Snap shot by Taylor Hall.
8:06 of 1st period - Stopped by Jesper Wallstedt with a rebound.
9:02 of 1st period - Icing by Ryan Lindgren.
9:03 of 1st period - Jason Zucker wins face-off versus Leo Carlsson in Chicago Black Hawks zone.
9:06 of 1st period - Snap shot by Connor Bedard.
9:06 of 1st period - Deflect By Leo Carlsson.
9:06 of 1st period - Stopped by Jesper Wallstedt with a rebound.
9:41 of 1st period - Snap shot by Barrett Hayton.
9:41 of 1st period - Shot Misses the Net.
9:43 of 1st period - Slapshot by Ryan Suzuki.
9:43 of 1st period - Stopped by Dustin Wolf with a rebound.
12:51 of 1st period - Snap shot by Connor Bedard.
12:51 of 1st period - Deflect By Jason Zucker.
12:51 of 1st period - Stopped by Jesper Wallstedt without a rebound.
12:52 of 1st period - Leo Carlsson wins face-off versus Adam Lowry in Chicago Black Hawks zone.
13:05 of 1st period - Snap shot by Taylor Hall.
13:05 of 1st period - Stopped by Jesper Wallstedt without a rebound.
13:06 of 1st period - Vladislav Namestnikov wins face-off versus Barrett Hayton in Chicago Black Hawks zone.
13:21 of 1st period - Slapshot by Vladislav Namestnikov.
13:21 of 1st period - Stopped by Jesper Wallstedt with a rebound.
13:39 of 1st period - Wrist shot by Lucas Raymond.
13:39 of 1st period - Shot Blocked by Adam Lowry.
14:01 of 1st period - Sam Steel is hit by Zachary Werenski and loses puck.
14:12 of 1st period - Snap shot by Bobby Brink.
14:12 of 1st period - Shot Misses the Net.
14:14 of 1st period - Snap shot by Christopher Tanev.
14:14 of 1st period - Stopped by Dustin Wolf without a rebound.
14:15 of 1st period - Brett Howden wins face-off versus Ridly Greig in Winnipeg Jets zone.
14:36 of 1st period - Justin Faulk is hit by Ridly Greig.
14:47 of 1st period - Snap shot by Connor Bedard.
14:47 of 1st period - Stopped by Jesper Wallstedt with a rebound.
14:49 of 1st period - Snap shot by Haydn Fleury.
14:49 of 1st period - Shot Blocked by Trevor Lewis.
14:51 of 1st period - Snap shot by Jason Zucker.
14:51 of 1st period - Stopped by Jesper Wallstedt with a rebound.
14:53 of 1st period - Snap shot by Jason Zucker.
14:53 of 1st period - Stopped by Jesper Wallstedt without a rebound.
14:54 of 1st period - Barrett Hayton wins face-off versus Adam Lowry in Chicago Black Hawks zone.
16:12 of 1st period - Wrist shot by Jason Zucker.
16:12 of 1st period - Deflect By Ridly Greig.
16:12 of 1st period - Shot Blocked by Ryan Lindgren.
16:12 of 1st period - Puck is out of play.
16:13 of 1st period - Barrett Hayton wins face-off versus Adam Lowry in Chicago Black Hawks zone.
16:13 of 1st period - Barrett Hayton is hit by Adam Lowry.
16:41 of 1st period - Minor Penalty to Adam Lowry for Hooking.
16:42 of 1st period - Joel Armia wins face-off versus Leo Carlsson in Winnipeg Jets zone.
16:42 of 1st period - Joel Armia is hit by Kevin Fiala.
18:41 of 1st period - Penalty to Adam Lowry is over, Adam Lowry is back on ice.
18:45 of 1st period - Wrist shot by Alexis Lafreniere.
18:45 of 1st period - Shot Misses the Net.
18:49 of 1st period - Snap shot by Taylor Hall.
18:49 of 1st period - Shot Blocked by Justin Faulk.
18:51 of 1st period - Slapshot by Taylor Hall.
18:51 of 1st period - Deflect By Alexis Lafreniere.
18:51 of 1st period - Stopped by Jesper Wallstedt without a rebound.
18:52 of 1st period - Brett Howden wins face-off versus Sam Steel in Chicago Black Hawks zone.
19:07 of 1st period - Snap shot by Matvei Michkov.
19:07 of 1st period - Stopped by Jesper Wallstedt without a rebound.
19:08 of 1st period - Leo Carlsson wins face-off versus Alexander Kerfoot in Chicago Black Hawks zone.
19:08 of 1st period - Leo Carlsson is hit by Adam Lowry.
19:14 of 1st period - Wrist shot by Leo Carlsson.
19:14 of 1st period - Deflect By Lucas Raymond.
19:14 of 1st period - Stopped by Dustin Wolf without a rebound.
19:15 of 1st period - Leo Carlsson wins face-off versus Adam Lowry in Winnipeg Jets zone.
19:16 of 1st period - Snap shot by Kevin Fiala.
19:16 of 1st period - Stopped by Dustin Wolf with a rebound.
19:24 of 1st period - Brent Burns is hit by Taylor Hall and loses puck.
Goals for this period are 1 for Winnipeg Jets vs 0 for Chicago Black Hawks.
Shots for this period are 14 for Winnipeg Jets vs 9 for Chicago Black Hawks.

2nd period


0:01 of 2nd period - Leo Carlsson wins face-off versus Vladislav Namestnikov in neutral zone.
0:26 of 2nd period - Nate Schmidt is hit by Eeli Tolvanen and loses puck.
0:39 of 2nd period - Slapshot by Matthew Beniers.
0:39 of 2nd period - Stopped by Dustin Wolf with a rebound.
1:15 of 2nd period - Slapshot by Bobby Brink.
1:15 of 2nd period - Shot Hit the Post.
1:17 of 2nd period - Wrist shot by Brett Howden.
1:17 of 2nd period - Stopped by Dustin Wolf with a rebound.
1:19 of 2nd period - Slapshot by Justin Faulk.
1:19 of 2nd period - Deflect By Bobby Brink.
1:19 of 2nd period - Shot Misses the Net.
1:19 of 2nd period - Puck is out of play.
1:20 of 2nd period - Lucas Raymond wins face-off versus Vladislav Namestnikov in Winnipeg Jets zone.
1:49 of 2nd period - Zachary Werenski is hit by Dylan Samberg.
1:53 of 2nd period - Shane Wright is hit by Adam Lowry and loses puck.
2:10 of 2nd period - Backhand shot by Bobby Brink.
2:10 of 2nd period - Stopped by Dustin Wolf without a rebound.
2:11 of 2nd period - Adam Lowry wins face-off versus Brett Howden in Winnipeg Jets zone.
4:06 of 2nd period - Wrist shot by Barrett Hayton.
4:06 of 2nd period - Goal by Barrett Hayton - Winnipeg Jets : 1 - Chicago Black Hawks : 1.
4:07 of 2nd period - Vladislav Namestnikov wins face-off versus Leo Carlsson in neutral zone.
4:36 of 2nd period - Ridly Greig is hit by Ryan Suzuki and loses puck.
4:45 of 2nd period - Snap shot by Barrett Hayton.
4:45 of 2nd period - Stopped by Dustin Wolf without a rebound.
4:46 of 2nd period - Adam Lowry wins face-off versus Matthew Beniers in Winnipeg Jets zone.
4:51 of 2nd period - Wrist shot by Taylor Hall.
4:51 of 2nd period - Shot Misses the Net.
4:59 of 2nd period - Snap shot by Taylor Hall.
4:59 of 2nd period - Stopped by Jesper Wallstedt with a rebound.
5:11 of 2nd period - Joel Armia is hit by Noah Dobson.
5:16 of 2nd period - Minor Penalty to Ryan Suzuki for Holding.
5:17 of 2nd period - Adam Lowry wins face-off versus Kevin Fiala in Chicago Black Hawks zone.
5:43 of 2nd period - Lucas Raymond is hit by Jason Zucker and loses puck.
7:15 of 2nd period - Shane Wright is hit by Alexis Lafreniere and loses puck.
7:16 of 2nd period - Penalty to Ryan Suzuki is over, Ryan Suzuki is back on ice.
7:32 of 2nd period - Wrist shot by Matthew Beniers.
7:32 of 2nd period - Shot Blocked by Michael Kesselring.
7:43 of 2nd period - Icing by Sam Steel.
7:44 of 2nd period - Brett Howden wins face-off versus Sam Steel in Winnipeg Jets zone.
7:53 of 2nd period - Wrist shot by Brett Howden.
7:53 of 2nd period - Stopped by Dustin Wolf with a rebound.
7:55 of 2nd period - Slapshot by Brett Howden.
7:55 of 2nd period - Shot Misses the Net.
7:57 of 2nd period - Slapshot by Ryan Lindgren.
7:57 of 2nd period - Shot Blocked by Sean Durzi.
8:14 of 2nd period - Minor Penalty to Lucas Raymond for Roughing.
8:15 of 2nd period - Alexander Kerfoot wins face-off versus Leo Carlsson in Chicago Black Hawks zone.
8:22 of 2nd period - Snap shot by Alexander Kerfoot.
8:22 of 2nd period - Stopped by Jesper Wallstedt without a rebound.
8:23 of 2nd period - Adam Lowry wins face-off versus Brett Howden in Chicago Black Hawks zone.
8:56 of 2nd period - Snap shot by Brett Howden.
8:56 of 2nd period - Shot Blocked by Ridly Greig.
8:58 of 2nd period - Snap shot by Leo Carlsson.
8:58 of 2nd period - Stopped by Dustin Wolf without a rebound.
8:59 of 2nd period - Kevin Fiala wins face-off versus Adam Lowry in Winnipeg Jets zone.
9:04 of 2nd period - Wrist shot by Kevin Fiala.
9:04 of 2nd period - Goal by Kevin Fiala - Winnipeg Jets : 1 - Chicago Black Hawks : 2.
9:05 of 2nd period - Jason Zucker wins face-off versus Kevin Fiala in neutral zone.
9:10 of 2nd period - Wrist shot by Ridly Greig.
9:10 of 2nd period - Stopped by Jesper Wallstedt without a rebound.
9:11 of 2nd period - Jason Zucker wins face-off versus Kevin Fiala in Chicago Black Hawks zone.
9:12 of 2nd period - Slapshot by Ridly Greig.
9:12 of 2nd period - Shot Misses the Net.
9:14 of 2nd period - Snap shot by Connor Bedard.
9:14 of 2nd period - Shot Misses the Net.
9:56 of 2nd period - Leo Carlsson is hit by Ridly Greig and loses puck.
10:14 of 2nd period - Penalty to Lucas Raymond is over, Lucas Raymond is back on ice.
10:23 of 2nd period - Slapshot by Zachary Werenski.
10:23 of 2nd period - Deflect By Joel Armia.
10:23 of 2nd period - Stopped by Dustin Wolf with a rebound.
10:25 of 2nd period - Slapshot by Zachary Werenski.
10:25 of 2nd period - Stopped by Dustin Wolf with a rebound.
10:27 of 2nd period - Snap shot by Shane Wright.
10:27 of 2nd period - Deflect By Matthew Beniers.
10:27 of 2nd period - Stopped by Dustin Wolf with a rebound.
10:29 of 2nd period - Slapshot by Matthew Beniers.
10:29 of 2nd period - Shot Blocked by Alexis Lafreniere.
10:40 of 2nd period - Off-side.
10:41 of 2nd period - Barrett Hayton wins face-off versus Sam Steel in neutral zone.
11:07 of 2nd period - Christopher Tanev is hit by Jonas Brodin and loses puck.
11:18 of 2nd period - Wrist shot by Matvei Michkov.
11:18 of 2nd period - Shot Misses the Net.
11:20 of 2nd period - Snap shot by Michael Kesselring.
11:20 of 2nd period - Deflect By Matvei Michkov.
11:20 of 2nd period - Shot Misses the Net.
11:20 of 2nd period - Puck is out of play.
11:21 of 2nd period - Jason Zucker wins face-off versus Leo Carlsson in Chicago Black Hawks zone.
11:32 of 2nd period - Snap shot by Connor Bedard.
11:32 of 2nd period - Shot Blocked by Noah Dobson.
11:55 of 2nd period - Wrist shot by Adam Lowry.
11:55 of 2nd period - Stopped by Jesper Wallstedt without a rebound.
11:56 of 2nd period - Leo Carlsson wins face-off versus Jason Zucker in Chicago Black Hawks zone.
12:41 of 2nd period - Off-side.
12:42 of 2nd period - Matthew Beniers wins face-off versus Vladislav Namestnikov in neutral zone.
14:13 of 2nd period - Snap shot by Barrett Hayton.
14:13 of 2nd period - Stopped by Dustin Wolf without a rebound.
14:14 of 2nd period - Barrett Hayton wins face-off versus Jason Zucker in Winnipeg Jets zone.
14:28 of 2nd period - Slapshot by Barrett Hayton.
14:28 of 2nd period - Stopped by Dustin Wolf with a rebound.
14:30 of 2nd period - Slapshot by Zachary Werenski.
14:30 of 2nd period - Stopped by Dustin Wolf with a rebound.
14:54 of 2nd period - Slapshot by Vladislav Namestnikov.
14:54 of 2nd period - Shot Blocked by Justin Faulk.
15:06 of 2nd period - Nino Niederreiter is hit by Matthew Beniers and loses puck.
15:56 of 2nd period - Christopher Tanev is hit by Matvei Michkov and loses puck.
16:07 of 2nd period - Leo Carlsson is hit by Jason Zucker.
16:31 of 2nd period - Ryan Lindgren is hit by Joel Armia and loses puck.
16:48 of 2nd period - Wrist shot by Matthew Beniers.
16:48 of 2nd period - Goal by Matthew Beniers - Winnipeg Jets : 1 - Chicago Black Hawks : 3.
16:49 of 2nd period - Ridly Greig wins face-off versus Leo Carlsson in neutral zone.
16:57 of 2nd period - Lucas Raymond beats up Michael Kesselring.
16:57 of 2nd period - Penalty to Lucas Raymond for Fighting.
16:57 of 2nd period - Penalty to Michael Kesselring for Fighting.
16:58 of 2nd period - Leo Carlsson wins face-off versus Jason Zucker in Chicago Black Hawks zone.
16:58 of 2nd period - Leo Carlsson is hit by Jason Zucker.
17:28 of 2nd period - Zachary Werenski is hit by Alexander Kerfoot and loses puck.
17:52 of 2nd period - Snap shot by Vladislav Namestnikov.
17:52 of 2nd period - Shot Blocked by Justin Faulk.
17:57 of 2nd period - Icing by Christopher Tanev.
17:58 of 2nd period - Jason Zucker wins face-off versus Bobby Brink in Chicago Black Hawks zone.
18:13 of 2nd period - Snap shot by Trevor Lewis.
18:13 of 2nd period - Shot Misses the Net.
18:15 of 2nd period - Slapshot by Justin Faulk.
18:15 of 2nd period - Shot Misses the Net.
18:17 of 2nd period - Wrist shot by Trevor Lewis.
18:17 of 2nd period - Stopped by Dustin Wolf without a rebound.
18:18 of 2nd period - Adam Lowry wins face-off versus Leo Carlsson in Winnipeg Jets zone.
18:35 of 2nd period - Wrist shot by Leo Carlsson.
18:35 of 2nd period - Stopped by Dustin Wolf with a rebound.
18:41 of 2nd period - Minor Penalty to Taylor Hall for Tripping.
18:42 of 2nd period - Barrett Hayton wins face-off versus Joel Armia in Winnipeg Jets zone.
18:45 of 2nd period - Slapshot by Oliver Bjorkstrand.
18:45 of 2nd period - Shot Blocked by Joel Armia.
19:29 of 2nd period - Snap shot by Connor Bedard.
19:29 of 2nd period - Shot Blocked by Matthew Beniers.
Goals for this period are 0 for Winnipeg Jets vs 3 for Chicago Black Hawks.
Shots for this period are 4 for Winnipeg Jets vs 17 for Chicago Black Hawks.

3rd period


0:01 of 3rd period - Leo Carlsson wins face-off versus Joel Armia in neutral zone.
0:08 of 3rd period - Snap shot by Kevin Fiala.
0:08 of 3rd period - Shot Misses the Net.
0:10 of 3rd period - Slapshot by Justin Faulk.
0:10 of 3rd period - Deflect By Haydn Fleury.
0:10 of 3rd period - Goal by Justin Faulk - Winnipeg Jets : 1 - Chicago Black Hawks : 4.
0:11 of 3rd period - Leo Carlsson wins face-off versus Jason Zucker in neutral zone.
0:26 of 3rd period - Snap shot by Ridly Greig.
0:26 of 3rd period - Stopped by Jesper Wallstedt without a rebound.
0:27 of 3rd period - Adam Lowry wins face-off versus Barrett Hayton in Chicago Black Hawks zone.
1:00 of 3rd period - Dylan Samberg is hit by Eeli Tolvanen and loses puck.
1:05 of 3rd period - Wrist shot by Shane Wright.
1:05 of 3rd period - Stopped by Dustin Wolf without a rebound.
1:06 of 3rd period - Vladislav Namestnikov wins face-off versus Leo Carlsson in Winnipeg Jets zone.
1:22 of 3rd period - Snap shot by Matthew Beniers.
1:22 of 3rd period - Shot Misses the Net.
2:15 of 3rd period - Minor Penalty to Michael Kesselring for Roughing.
2:16 of 3rd period - Barrett Hayton wins face-off versus Taylor Hall in Winnipeg Jets zone.
2:24 of 3rd period - Snap shot by Barrett Hayton.
2:24 of 3rd period - Stopped by Dustin Wolf without a rebound.
2:25 of 3rd period - Taylor Hall wins face-off versus Barrett Hayton in Winnipeg Jets zone.
2:46 of 3rd period - Wrist shot by Barrett Hayton.
2:46 of 3rd period - Stopped by Dustin Wolf with a rebound.
2:48 of 3rd period - Wrist shot by Barrett Hayton.
2:48 of 3rd period - Stopped by Dustin Wolf with a rebound.
2:50 of 3rd period - Snap shot by Matthew Beniers.
2:50 of 3rd period - Stopped by Dustin Wolf with a rebound.
2:52 of 3rd period - Slapshot by Justin Faulk.
2:52 of 3rd period - Shot Misses the Net.
2:54 of 3rd period - Wrist shot by Oliver Bjorkstrand.
2:54 of 3rd period - Shot Misses the Net.
2:56 of 3rd period - Wrist shot by Matthew Beniers.
2:56 of 3rd period - Shot Misses the Net.
3:28 of 3rd period - Backhand shot by Barrett Hayton.
3:28 of 3rd period - Stopped by Dustin Wolf with a rebound.
3:35 of 3rd period - Minor Penalty to Ridly Greig for Hooking.
3:36 of 3rd period - Lucas Raymond wins face-off versus Joel Armia in Winnipeg Jets zone.
3:40 of 3rd period - Wrist shot by Leo Carlsson.
3:40 of 3rd period - Goal by Leo Carlsson - Winnipeg Jets : 1 - Chicago Black Hawks : 5.
3:41 of 3rd period - Leo Carlsson wins face-off versus Adam Lowry in neutral zone.
4:42 of 3rd period - Taylor Hall is hit by Kevin Fiala and loses puck.
5:35 of 3rd period - Penalty to Ridly Greig is over, Ridly Greig is back on ice.
5:49 of 3rd period - Slapshot by Matvei Michkov.
5:49 of 3rd period - Deflect By Nino Niederreiter.
5:49 of 3rd period - Shot Misses the Net.
5:49 of 3rd period - Puck is out of play.
5:50 of 3rd period - Sam Steel wins face-off versus Brett Howden in Chicago Black Hawks zone.
5:51 of 3rd period - Slapshot by Nino Niederreiter.
5:51 of 3rd period - Stopped by Jesper Wallstedt with a rebound.
5:53 of 3rd period - Snap shot by Michael Kesselring.
5:53 of 3rd period - Deflect By Matvei Michkov.
5:53 of 3rd period - Shot Misses the Net.
5:53 of 3rd period - Puck is out of play.
5:54 of 3rd period - Brett Howden wins face-off versus Jason Zucker in Chicago Black Hawks zone.
6:19 of 3rd period - Jonas Brodin is hit by Noah Dobson.
6:47 of 3rd period - Snap shot by Kevin Fiala.
6:47 of 3rd period - Stopped by Dustin Wolf without a rebound.
6:48 of 3rd period - Leo Carlsson wins face-off versus Jason Zucker in Winnipeg Jets zone.
6:50 of 3rd period - Zachary Werenski and Nate Schmidt fight to a draw.
6:50 of 3rd period - Penalty to Zachary Werenski for Fighting.
6:50 of 3rd period - Penalty to Nate Schmidt for Fighting.
6:50 of 3rd period - Penalty to Zachary Werenski for instigated a fight.
6:50 of 3rd period - Penalty to Zachary Werenski for instigated a fight.
6:51 of 3rd period - Kevin Fiala wins face-off versus Taylor Hall in Winnipeg Jets zone.
7:00 of 3rd period - Slapshot by Dylan Samberg.
7:00 of 3rd period - Shot Blocked by Justin Faulk.
7:02 of 3rd period - Snap shot by Dylan Samberg.
7:02 of 3rd period - Shot Blocked by Christopher Tanev.
7:06 of 3rd period - Snap shot by Taylor Hall.
7:06 of 3rd period - Deflect By Alexander Kerfoot.
7:06 of 3rd period - Stopped by Jesper Wallstedt with a rebound.
7:20 of 3rd period - Justin Faulk is hit by Ridly Greig and loses puck.
7:40 of 3rd period - Icing by Taylor Hall.
7:41 of 3rd period - Kevin Fiala wins face-off versus Adam Lowry in Winnipeg Jets zone.
8:14 of 3rd period - Wrist shot by Jason Zucker.
8:14 of 3rd period - Goal by Jason Zucker - Winnipeg Jets : 2 - Chicago Black Hawks : 5.
8:15 of 3rd period - Jason Zucker wins face-off versus Leo Carlsson in neutral zone.
8:26 of 3rd period - Minor Penalty to Michael Kesselring for Tripping.
8:27 of 3rd period - Leo Carlsson wins face-off versus Taylor Hall in Winnipeg Jets zone.
9:32 of 3rd period - Icing by Leo Carlsson.
9:33 of 3rd period - Leo Carlsson wins face-off versus Taylor Hall in Chicago Black Hawks zone.
10:26 of 3rd period - Penalty to Michael Kesselring is over, Michael Kesselring is back on ice.
11:04 of 3rd period - Icing by Haydn Fleury.
11:05 of 3rd period - Leo Carlsson wins face-off versus Vladislav Namestnikov in Winnipeg Jets zone.
11:23 of 3rd period - Snap shot by Vladislav Namestnikov.
11:23 of 3rd period - Shot Misses the Net.
11:25 of 3rd period - Wrist shot by Haydn Fleury.
11:25 of 3rd period - Stopped by Jesper Wallstedt with a rebound.
11:27 of 3rd period - Snap shot by Vladislav Namestnikov.
11:27 of 3rd period - Stopped by Jesper Wallstedt with a rebound.
11:29 of 3rd period - Slapshot by Vladislav Namestnikov.
11:29 of 3rd period - Stopped by Jesper Wallstedt with a rebound.
11:31 of 3rd period - Snap shot by Vladislav Namestnikov.
11:31 of 3rd period - Shot Misses the Net.
11:33 of 3rd period - Snap shot by Vladislav Namestnikov.
11:33 of 3rd period - Stopped by Jesper Wallstedt without a rebound.
11:34 of 3rd period - Adam Lowry wins face-off versus Barrett Hayton in Chicago Black Hawks zone.
11:47 of 3rd period - Adam Lowry is hit by Justin Faulk and loses puck.
12:00 of 3rd period - Connor Bedard is hit by Shane Wright and loses puck.
12:09 of 3rd period - Slapshot by Matthew Beniers.
12:09 of 3rd period - Stopped by Dustin Wolf with a rebound.
12:25 of 3rd period - Slapshot by Jason Zucker.
12:25 of 3rd period - Shot Misses the Net.
12:48 of 3rd period - Noah Dobson is hit by Taylor Hall and loses puck.
13:16 of 3rd period - Vladislav Namestnikov is hit by Justin Faulk and loses puck.
13:25 of 3rd period - Snap shot by Joel Armia.
13:25 of 3rd period - Deflect By Shane Wright.
13:25 of 3rd period - Stopped by Jesper Wallstedt without a rebound.
13:26 of 3rd period - Matthew Beniers wins face-off versus Jason Zucker in Chicago Black Hawks zone.
13:48 of 3rd period - Icing by Dylan Samberg.
13:49 of 3rd period - Adam Lowry wins face-off versus Leo Carlsson in Winnipeg Jets zone.
14:49 of 3rd period - Slapshot by Bobby Brink.
14:49 of 3rd period - Stopped by Dustin Wolf without a rebound.
14:50 of 3rd period - Adam Lowry wins face-off versus Barrett Hayton in Winnipeg Jets zone.
16:03 of 3rd period - Ridly Greig is hit by Trevor Lewis and loses puck.
16:14 of 3rd period - Trevor Lewis is hit by Connor Bedard and loses puck.
16:45 of 3rd period - Wrist shot by Oliver Bjorkstrand.
16:45 of 3rd period - Stopped by Dustin Wolf without a rebound.
16:46 of 3rd period - Vladislav Namestnikov wins face-off versus Matthew Beniers in Winnipeg Jets zone.
16:53 of 3rd period - Slapshot by Jonas Brodin.
16:53 of 3rd period - Deflect By Joel Armia.
16:53 of 3rd period - Shot Hit the Post.
16:53 of 3rd period - Puck is out of play.
16:54 of 3rd period - Adam Lowry wins face-off versus Barrett Hayton in Chicago Black Hawks zone.
16:55 of 3rd period - Slapshot by Taylor Hall.
16:55 of 3rd period - Shot Misses the Net.
17:05 of 3rd period - Adam Lowry is hit by Barrett Hayton and loses puck.
17:21 of 3rd period - Off-side.
17:22 of 3rd period - Leo Carlsson wins face-off versus Jason Zucker in neutral zone.
17:41 of 3rd period - Wrist shot by Lucas Raymond.
17:41 of 3rd period - Stopped by Dustin Wolf with a rebound.
17:43 of 3rd period - Snap shot by Kevin Fiala.
17:43 of 3rd period - Stopped by Dustin Wolf without a rebound.
17:44 of 3rd period - Adam Lowry wins face-off versus Barrett Hayton in Winnipeg Jets zone.
18:09 of 3rd period - Matthew Beniers is hit by Dylan Samberg and loses puck.
18:22 of 3rd period - Shane Wright is hit by Ridly Greig and loses puck.
18:40 of 3rd period - Alexis Lafreniere is hit by Leo Carlsson.
19:06 of 3rd period - Brett Howden is hit by Michael Kesselring and loses puck.
Goals for this period are 1 for Winnipeg Jets vs 2 for Chicago Black Hawks.
Shots for this period are 9 for Winnipeg Jets vs 14 for Chicago Black Hawks.